SAAA
ATHLETIC CLUB KC RESERVES @ VERMONT LAKE MONSTERS
08/12/2033
 
TOP OF THE 1ST
Athletic Club KC Reserves batting - Pitching for Vermont Lake Monsters : RHP Marnix van Rijn
Pitching: RHP Marnix van Rijn
Batting: RHB Arturo Annunziato 0-0: Called Strike
0-1: Foul Ball, location: 2F
0-2: Strikes out swinging
Batting: RHB Tasuku Goto 0-0: Called Strike
0-1: Ball
1-1: Ball
2-1: Ball
3-1: Base on Balls
Batting: RHB Dewey Nauss 0-0: Fly out, F6 (Popup, 6MS)
Batting: LHB Michael Woodard 0-0: Ball
Tasuku Goto steals 2nd base
1-0: Foul Ball, location: 2F
1-1: Called Strike
1-2: Strikes out swinging
Top of the 1st over - 0 runs, 0 hits, 0 errors, 1 left on base; Athletic Club KC 0 - Vermont 0
BOTTOM OF THE 1ST
Vermont Lake Monsters batting - Pitching for Athletic Club KC Reserves : LHP Sacco Brouwers
Pitching: LHP Sacco Brouwers
Batting: RHB José Vázquez 0-0: SINGLE (Groundball, 34S) (infield hit)
Batting: RHB Hsi-men King 0-0: Ball
1-0: SINGLE (Groundball, 56D)
José Vázquez to second
Batting: RHB Ricardo Téllez 0-0: Ball
1-0: Reached on error, E5 (Groundball, 56)
José Vázquez to third
Hsi-men King to second
Batting: RHB Bobson Dugnutt 0-0: Ball
1-0: Foul Ball, location: 2F
1-1: Ball
2-1: Swinging Strike
2-2: Foul Ball, location: 2F
2-2: Foul Ball, location: 2F
2-2: Strikes out swinging
Batting: RHB Ramón Soto 0-0: Called Strike
0-1: Fielders Choice at 2nd, 4-6 (Groundball, 4)
José Vázquez scores
Hsi-men King to third
Batting: LHB Katsunan Taketo 0-0: Ball
1-0: Foul Ball, location: 2F
1-1: Foul Ball, location: 2F
1-2: Foul Ball, location: 2F
1-2: Ball
2-2: DOUBLE (Line Drive, 3D)
Hsi-men King scores
Ramón Soto to third
Runner from 3rd tries for Home, throw and OUT!
Bottom of the 1st over - 2 runs, 3 hits, 1 error, 1 left on base; Athletic Club KC 0 - Vermont 2
TOP OF THE 2ND
Athletic Club KC Reserves batting - Pitching for Vermont Lake Monsters : RHP Marnix van Rijn
Batting: LHB Kwang-chih Feng 0-0: Called Strike
0-1: Ball
1-1: Foul Ball, location: 2F
1-2: Ball
2-2: Strikes out swinging
Batting: LHB Tony García 0-0: Ball
1-0: SINGLE (Line Drive, 9LS)
Batting: LHB Chi-hun Chong 0-0: Ball
1-0: Ball
2-0: Ball
3-0: Called Strike
3-1: Called Strike
3-2: SINGLE (Line Drive, 56)
Tony García to second
Batting: SHB Sang-your Yu 0-0: Foul Ball, location: 2F
0-1: Fly out, F9 (Flyball, 89XD)
Runner from 2nd tags up, SAFE at 3rd, no throw
Batting: RHB Shintaro Yamada 0-0: Swinging Strike
0-1: Foul Ball, location: 2F
0-2: Ball
1-2: Foul Ball, location: 2F
1-2: Foul Ball, location: 2F
1-2: Strikes out looking
Top of the 2nd over - 0 runs, 2 hits, 0 errors, 2 left on base; Athletic Club KC 0 - Vermont 2
BOTTOM OF THE 2ND
Vermont Lake Monsters batting - Pitching for Athletic Club KC Reserves : LHP Sacco Brouwers
Batting: RHB Hou Kong 0-0: Ball
1-0: Foul Ball, location: 2F
1-1: Foul Ball, location: 2F
1-2: Fly out, F7 (Flyball, 78D)
Batting: RHB Bertrand Pick 0-0: Swinging Strike
0-1: Called Strike
0-2: Ball
1-2: Strikes out swinging
Batting: RHB Cosmo Castanhedo 0-0: Called Strike
0-1: Ball
1-1: Foul Ball, location: 2F
1-2: Foul Ball, location: 2F
1-2: Ball
2-2: Ground out 6-3 (Groundball, 6)
Bottom of the 2nd over - 0 runs, 0 hits, 0 errors, 0 left on base; Athletic Club KC 0 - Vermont 2
TOP OF THE 3RD
Athletic Club KC Reserves batting - Pitching for Vermont Lake Monsters : RHP Marnix van Rijn
Batting: RHB Arturo Annunziato 0-0: Ball
1-0: Called Strike
1-1: Ball
2-1: Ball
3-1: Called Strike
3-2: Strikes out swinging
Batting: RHB Tasuku Goto 0-0: Called Strike
0-1: Fly out, F7 (Flyball, 78S)
Batting: RHB Dewey Nauss 0-0: Foul Ball, location: 2F
0-1: Swinging Strike
0-2: Strikes out looking
Top of the 3rd over - 0 runs, 0 hits, 0 errors, 0 left on base; Athletic Club KC 0 - Vermont 2
BOTTOM OF THE 3RD
Vermont Lake Monsters batting - Pitching for Athletic Club KC Reserves : LHP Sacco Brouwers
Batting: RHB José Vázquez 0-0: Called Strike
0-1: Called Strike
0-2: Strikes out swinging
Batting: RHB Hsi-men King 0-0: Swinging Strike
0-1: Ball
1-1: DOUBLE (Groundball, 5L)
Batting: RHB Ricardo Téllez 0-0: Called Strike
0-1: Foul Ball, location: 2F
0-2: 2-RUN HOME RUN (Flyball, 7D), Distance : 400 ft
Batting: RHB Bobson Dugnutt 0-0: SOLO HOME RUN (Flyball, 7LD), Distance : 366 ft
Batting: RHB Ramón Soto 0-0: Called Strike
0-1: Swinging Strike
0-2: Foul Ball, location: 2F
0-2: Ball
1-2: Strikes out swinging
Batting: LHB Katsunan Taketo 0-0: Called Strike
0-1: Foul Ball, location: 2F
0-2: Fly out, F2 (Popup, 25F)
Bottom of the 3rd over - 3 runs, 3 hits, 0 errors, 0 left on base; Athletic Club KC 0 - Vermont 5
TOP OF THE 4TH
Athletic Club KC Reserves batting - Pitching for Vermont Lake Monsters : RHP Marnix van Rijn
Batting: LHB Michael Woodard 0-0: Ball
1-0: Foul Ball, location: 2F
1-1: Ball
2-1: Ball
3-1: DOUBLE (Flyball, 8RXD)
Batting: LHB Kwang-chih Feng 0-0: Called Strike
0-1: Ball
1-1: Ball
2-1: Foul Ball, location: 2F
2-2: Fly out, F9 (Flyball, 9S)
Batting: LHB Tony García 0-0: Ground out 4-3 (Groundball, 4M)
Michael Woodard to third
Batting: LHB Chi-hun Chong 0-0: Called Strike
0-1: Ball
1-1: Ball
2-1: Foul Ball, location: 2F
2-2: Strikes out swinging
Top of the 4th over - 0 runs, 1 hit, 0 errors, 1 left on base; Athletic Club KC 0 - Vermont 5
BOTTOM OF THE 4TH
Vermont Lake Monsters batting - Pitching for Athletic Club KC Reserves : LHP Sacco Brouwers
Batting: RHB Hou Kong 0-0: Called Strike
0-1: Ball
1-1: Ball
2-1: Swinging Strike
2-2: Ball
3-2: Base on Balls
Batting: RHB Bertrand Pick 0-0: Ball
1-0: Ball
2-0: Fly out, F7 (Flyball, 78M)
Batting: RHB Cosmo Castanhedo Balk!
Hou Kong to second
0-0: Ball
1-0: Called Strike
1-1: Foul Ball, location: 2F
1-2: Ball
2-2: Fly out, F8 (Flyball, 8RS)
Batting: RHB José Vázquez 0-0: Ball
1-0: Ball
2-0: Ball
3-0: Called Strike
3-1: Base on Balls
Batting: RHB Hsi-men King 0-0: Ball
1-0: Called Strike
1-1: SINGLE (Flyball, 78S)
Hou Kong to third
José Vázquez to second
Runner from 3rd tries for Home, SAFE, no throw
Batting: RHB Ricardo Téllez 0-0: Ball
1-0: Ball
2-0: Called Strike
2-1: SINGLE (Groundball, 56D)
José Vázquez to third
Hsi-men King to second
Runner from 3rd tries for Home, SAFE, no throw
Batting: RHB Bobson Dugnutt 0-0: Foul Ball, location: 2F
0-1: Ball
1-1: Ball
2-1: Swinging Strike
2-2: SINGLE (Line Drive, 8LS)
Hsi-men King to third
Ricardo Téllez to second
Runner from 3rd tries for Home, SAFE, no throw
Batting: RHB Ramón Soto 0-0: Ball
1-0: Fly out, F8 (Flyball, 8RD)
Bottom of the 4th over - 3 runs, 3 hits, 0 errors, 2 left on base; Athletic Club KC 0 - Vermont 8
TOP OF THE 5TH
Athletic Club KC Reserves batting - Pitching for Vermont Lake Monsters : RHP Marnix van Rijn
Batting: SHB Sang-your Yu 0-0: Ground out U3 (Groundball, 3)
Batting: RHB Shintaro Yamada 0-0: Ball
1-0: Called Strike
1-1: Foul Ball, location: 2F
1-2: Ball
2-2: Foul Ball, location: 2F
2-2: Ground out 4-3 (Groundball, 4)
Batting: RHB Arturo Annunziato 0-0: Called Strike
0-1: Ground out 6-3 (Groundball, 6D)
Top of the 5th over - 0 runs, 0 hits, 0 errors, 0 left on base; Athletic Club KC 0 - Vermont 8
BOTTOM OF THE 5TH
Vermont Lake Monsters batting - Pitching for Athletic Club KC Reserves : LHP Sacco Brouwers
Batting: LHB Katsunan Taketo 0-0: Called Strike
0-1: Ball
1-1: Fly out, F8 (Flyball, 8RD)
Batting: RHB Hou Kong 0-0: Ball
1-0: Ball
2-0: Ball
3-0: Foul Ball, location: 2F
3-1: Base on Balls
Pitching: RHP Adam Taylor
Batting: RHB Bertrand Pick 0-0: SINGLE (Line Drive, 7S)
Hou Kong to second
Batting: RHB Cosmo Castanhedo 0-0: Ball
1-0: Called Strike
1-1: Foul Ball, location: 2F
1-2: Ball
2-2: Foul Ball, location: 2F
2-2: Ball
3-2: Fly out, F9 (Flyball, 9S)
Batting: RHB José Vázquez 0-0: Called Strike
0-1: Ball
1-1: Foul Ball, location: 2F
1-2: Foul Ball, location: 2F
1-2: SINGLE (Line Drive, 56D)
Hou Kong to third
Bertrand Pick to second
Batting: RHB Hsi-men King 0-0: Fly out, F7 (Flyball, 7D)
Bottom of the 5th over - 0 runs, 2 hits, 0 errors, 3 left on base; Athletic Club KC 0 - Vermont 8
TOP OF THE 6TH
Athletic Club KC Reserves batting - Pitching for Vermont Lake Monsters : RHP Marnix van Rijn
Batting: RHB Tasuku Goto 0-0: Ground out 5-3 (Groundball, 56S)
Batting: RHB Dewey Nauss 0-0: Called Strike
0-1: Called Strike
0-2: Strikes out looking
Batting: LHB Michael Woodard 0-0: Ball
1-0: Ball
2-0: Ball
3-0: Called Strike
3-1: Base on Balls
Batting: LHB Kwang-chih Feng 0-0: Ball
1-0: Foul Ball, location: 2F
1-1: Fly out, F8 (Line Drive, 8LS)
Top of the 6th over - 0 runs, 0 hits, 0 errors, 1 left on base; Athletic Club KC 0 - Vermont 8
BOTTOM OF THE 6TH
Vermont Lake Monsters batting - Pitching for Athletic Club KC Reserves : RHP Adam Taylor
Batting: RHB Ricardo Téllez 0-0: Ball
1-0: Foul Ball, location: 2F
1-1: Called Strike
1-2: SOLO HOME RUN (Flyball, 7LD), Distance : 341 ft
Batting: RHB Bobson Dugnutt 0-0: Called Strike
0-1: Foul Ball, location: 2F
0-2: Foul Ball, location: 2F
0-2: Fly out, F8 (Flyball, 8LM)
Batting: RHB Ramón Soto 0-0: Ball
1-0: Ball
2-0: Reached on error, E6 (Groundball, 6)
Batting: LHB Katsunan Taketo 0-0: Ball
1-0: Fly out, F5 (Line Drive, 56)
Batting: RHB Hou Kong 0-0: Called Strike
0-1: Foul Ball, location: 2F
0-2: Strikes out swinging
Bottom of the 6th over - 1 run, 1 hit, 1 error, 1 left on base; Athletic Club KC 0 - Vermont 9
TOP OF THE 7TH
Athletic Club KC Reserves batting - Pitching for Vermont Lake Monsters : RHP Marnix van Rijn
Batting: LHB Tony García 0-0: Called Strike
0-1: Ball
1-1: Ground out 1-3 (Groundball, 13S)
Batting: LHB Chi-hun Chong 0-0: Ball
1-0: Ball
2-0: Called Strike
2-1: Foul Ball, location: 2F
2-2: Strikes out swinging
Batting: SHB Sang-your Yu 0-0: Called Strike
0-1: Foul Ball, location: 2F
0-2: Ground out 4-3 (Groundball, 4)
Top of the 7th over - 0 runs, 0 hits, 0 errors, 0 left on base; Athletic Club KC 0 - Vermont 9
BOTTOM OF THE 7TH
Vermont Lake Monsters batting - Pitching for Athletic Club KC Reserves : RHP Adam Taylor
Batting: RHB Bertrand Pick 0-0: Called Strike
0-1: Ball
1-1: Ball
2-1: SINGLE (Groundball, 4MD)
Batting: RHB Cosmo Castanhedo 0-0: Foul Ball, location: 2F
0-1: SINGLE (Groundball, 56D)
Bertrand Pick to second
Batting: RHB José Vázquez 0-0: Ball
1-0: Ball
2-0: Fly out, F6 (Line Drive, 6)
Batting: RHB Hsi-men King 0-0: Ball
1-0: Ball
2-0: DOUBLE (Line Drive, 78D)
Bertrand Pick scores
Cosmo Castanhedo to third
Batting: RHB Ricardo Téllez 0-0: Ball
1-0: Foul Ball, location: 2F
1-1: Foul Ball, location: 2F
1-2: Strikes out swinging
Batting: RHB Bobson Dugnutt 0-0: Called Strike
0-1: Called Strike
0-2: Ball
1-2: Ball
2-2: SINGLE (Groundball, 56D)
Cosmo Castanhedo scores
Hsi-men King to third
Runner from 3rd tries for Home, throw and OUT!
Bottom of the 7th over - 2 runs, 4 hits, 0 errors, 1 left on base; Athletic Club KC 0 - Vermont 11
TOP OF THE 8TH
Athletic Club KC Reserves batting - Pitching for Vermont Lake Monsters : RHP Marnix van Rijn
Now at 3B: David Sánchez
Batting: RHB Shintaro Yamada 0-0: Ball
1-0: Called Strike
1-1: Foul Ball, location: 2F
1-2: SINGLE (Line Drive, 9S)
Batting: RHB Arturo Annunziato 0-0: Called Strike
0-1: Ball
1-1: Ball
2-1: Fly out, F7 (Flyball, 78M)
Batting: RHB Tasuku Goto 0-0: Grounds into double play, 4-3-6 (Groundball, 34)
Top of the 8th over - 0 runs, 1 hit, 0 errors, 0 left on base; Athletic Club KC 0 - Vermont 11
BOTTOM OF THE 8TH
Vermont Lake Monsters batting - Pitching for Athletic Club KC Reserves : RHP Adam Taylor
Batting: RHB Ramón Soto 0-0: Ground out U3 (Groundball, 34S)
Batting: LHB Katsunan Taketo 0-0: Ball
1-0: SINGLE (Line Drive, 9LS)
Batting: RHB Hou Kong 0-0: SINGLE (Groundball, 6MD)
Katsunan Taketo to second
Batting: RHB Bertrand Pick 0-0: Ball
1-0: Ball
2-0: Foul Ball, location: 2F
2-1: Foul Ball, location: 2F
2-2: Foul Ball, location: 2F
2-2: Strikes out swinging
Batting: RHB Cosmo Castanhedo 0-0: Ball
1-0: Ball
2-0: SINGLE (Groundball, 56D)
Katsunan Taketo to third
Hou Kong to second
Runner from 3rd tries for Home, SAFE, no throw
Pinch Hitting: RHB Gabe Cain 0-0: Called Strike
0-1: Ball
1-1: Ball
2-1: Ball
3-1: Foul Ball, location: 2F
3-2: Ground out 5-3 (Groundball, 56S)
Bottom of the 8th over - 1 run, 3 hits, 0 errors, 2 left on base; Athletic Club KC 0 - Vermont 12
TOP OF THE 9TH
Athletic Club KC Reserves batting - Pitching for Vermont Lake Monsters : RHP Marnix van Rijn
Now at 2B: Edgardo Castro
Batting: RHB Dewey Nauss 0-0: Ball
1-0: Foul Ball, location: 2F
1-1: Ball
2-1: SINGLE (Groundball, 6MD)
Batting: LHB Michael Woodard 0-0: Ball
1-0: Swinging Strike
1-1: Swinging Strike
1-2: Ball
2-2: Ball
3-2: Grounds into double play, 3-6-3 (Groundball, 34)
Batting: LHB Kwang-chih Feng 0-0: Fly out, F8 (Flyball, 8RS)
Top of the 9th over - 0 runs, 1 hit, 0 errors, 0 left on base; Athletic Club KC 0 - Vermont 12
Saturday, December 22nd, 2018 - OOTP Baseball 18.8 Build 76